Cogmind - Beta 17 @@@ ROGUE MODE // 2026.07.08 @ 19:11:49 Player: mbomb Result: Destroyed by 74-7DW(R) with Subdweller Shrapnel Launcher Performance ------------- Evolutions (0) 0 Regions Visited (2) 400 Robots Destroyed (18) 90 Value Destroyed (398) 398 Prototype IDs (0) 0 Alien Tech Used (0) 0 Bonus (0) 0 TOTAL SCORE: 888 Bonus ------- None Cogmind --------- Core Integrity 0/250 Matter 279/300 Energy 250/250 System Corruption 0% Temperature Cool (0) Movement Core (500) Ox9 Location -10/Subcaves Parts ------- > --- POWER (1) -------- Ion Engine > --- PROPULSION (2) --- (None) > --- UTILITY (2) ------ Large Storage Unit > --- WEAPON (2) ------- Small Laser Assault Rifle > --- INVENTORY (15) --- Light Assault Rifle Light Assault Rifle Subdweller Machine Gun Peak State ------------ > --- POWER ------------ Light Ion Engine > --- PROPULSION ------- Light Treads Light Treads > --- UTILITY ---------- Improved Heat Sink Small Storage Unit > --- WEAPON ----------- Assault Rifle Assault Rifle > --- INVENTORY -------- Ion Engine Small Laser [Rating: 9] Favorites ----------- Power Light Ion Engine Engine Light Ion Engine Propulsion Light Treads Treads Light Treads Utility Small Storage Unit Device Improved Heat Sink Storage Small Storage Unit Weapon Assault Rifle Energy Gun Small Laser Ballistic Gun Assault Rifle Build | -11 -10 -10 ------- Run | Yrd Mat Sub Slots Evolved . | . . . Power . | . . . Propulsion . | . . . Utility . | . . . Weapon . | . . . Parts Attached 13 | 6 6 1 Power 2 | 1 . 1 Engine 2 | 1 . 1 Core . | . . . Reactor . | . . . Propulsion 2 | 2 . . Treads 2 | 2 . . Leg . | . . . Wheel . | . . . Hover . | . . . Flight . | . . . Utility 4 | 1 3 . Device 1 | . 1 . Storage 3 | 1 2 . Processor . | . . . Hackware . | . . . Protection . | . . . Artifact . | . . . Weapon 5 | 2 3 . Energy Gun 1 | . 1 . Energy Cannon . | . . . Ballistic Gun 4 | 2 2 . Ballistic Cannon . | . . . Launcher . | . . . Special Weapon . | . . . Impact Weapon . | . . . Slashing Weapon . | . . . Piercing Weapon . | . . . Special Melee Weapon . | . . . Unidentified Prototypes . | . . . Parts Lost 6 | . 3 3 Power 1 | . . 1 Propulsion 2 | . . 2 Utility 1 | . 1 . Weapon 2 | . 2 . Highest Loss Streak 2 | . 2 2 To Critical Strikes . | . . . Average Backups 2 | . 2 3 Power . | . 1 . Propulsion . | . . . Utility . | . . . Weapon 1 | . 1 2 Tool/Special . | . . . Unused Backups 2 | . . 2 Power . | . . . Propulsion . | . . . Utility . | . . . Weapon 2 | . . 2 Tool/Special . | . . . Average Slot Usage (%) 80 | . 83 75 Engine 13 | . 14 12 Treads 25 | . 28 19 Storage 14 | . 14 14 Energy Gun 9 | . 8 14 Ballistic Gun 16 | . 17 14 Peak Build Rating 9 | 6 9 6 Average Rating 5 | 4 5 5 On Entrance 4 | . 6 6 Avg Prop Armor Cover (%) . | . . . Naked Turns . | . . . Heaviest Build 28 | 12 26 28 Greatest Support 40 | 40 40 40 Greatest Overweight (x) 9 | . . 9 Average Overweight (x) . | . . . Largest Inventory Capacity 15 | 8 15 15 Average Capacity 10 | 5 9 15 Most Carried 5 | 3 4 5 Average Carried 2 | . 2 3 Final Capacity 15 | 8 15 15 Final Carried 3 | 2 3 3 Class Distribution -------------------- 100% | Mutant Dominant Class ---------------- Mutant | -10/Materials Mutant | -10/Subcaves Resources | -11 -10 -10 ----------- Run | Yrd Mat Sub Matter Collected 525 | 269 243 13 Remotely . | . . . Salvage Created 681 | 63 465 153 Parts 37 | 6 23 8 Haulers Intercepted . | . . . Recyclers Shooed 2 | . 2 . Parts Field Recycled . | . . . Retrieved Matter . | . . . Parts Self-Destructed 7 | . . 7 Prevented . | . . . Parts Restored . | . . . Kills | -11 -10 -10 ------- Run | Yrd Mat Sub Combat Hostiles Destroyed 11 | . 8 3 Guns 11 | . 8 3 Classes Destroyed 7 | 2 4 1 Worker 2 | . 2 . Builder 1 | . 1 . Tunneler 1 | 1 . . Recycler 3 | 1 2 . Swarmer 3 | . 3 . Grunt 5 | . 5 . Subdweller 3 | . . 3 Best Kill Streak 4 | 1 4 2 Combat Bots Only 4 | . 4 2 Max Kills in Single Turn 1 | 1 1 1 Gunslinging . | . . . Exploded . | . . . Melee . | . . . Uniques/NPCs Destroyed . | . . . Combat | -11 -10 -10 -------- Run | Yrd Mat Sub Hostile Shots Fired 80 | . 63 17 Missed 15 | . 11 4 Hits 65 | . 52 13 Projectile 65 | . 52 13 AOE 3 | . . 3 Damage Taken 1110 | . 703 407 Core 254 | . 134 120 Absorbed by Shields . | . . . Core Remaining (%) 100 | 100 . . Volleys Fired 66 | 3 52 11 Largest 2 | 1 2 2 Hottest 60 | 20 60 60 Shots Fired 122 | 3 97 22 Gun 122 | 3 97 22 Cannon . | . . . Launcher . | . . . Special . | . . . Kinetic 79 | 3 65 11 Thermal 43 | . 32 11 Explosive . | . . . Electromagnetic . | . . . Robot Hit Streak 21 | 2 7 21 Robot Miss Streak 3 | 1 3 1 Penetration Max . | . . . Secondary Targets 3 | . 3 . Max Gunslinging Chain 1 | . 1 . Shots Hit Robots 86 | 2 63 21 Core Hits 30 | 2 21 7 Critical Kills . | . . . Critical Parts Destroyed . | . . . Critical Strikes . | . . . Melee Attacks . | . . . Impact . | . . . Slashing . | . . . Piercing . | . . . Sneak Attacks . | . . . Combat Hostiles . | . . . Follow-up Attacks . | . . . Damage Inflicted 1062 | 25 780 257 Guns 1062 | 25 780 257 Cannons . | . . . Explosions . | . . . Melee . | . . . Ramming . | . . . Kinetic 720 | 25 548 147 Thermal 342 | . 232 110 Explosive . | . . . Electromagnetic . | . . . Impact . | . . . Slashing . | . . . Piercing . | . . . Highest Corruption . | . . . Average Corruption . | . . . Corruption Purged . | . . . Corruption Blocked . | . . . Overload Shots . | . . . Overflow Damage . | . . . Projectiles . | . . . Explosions . | . . . Melee . | . . . Knockbacks . | . . . Impact . | . . . Kinetic . | . . . Secondary . | . . . Self-Inflicted Damage . | . . . Shots . | . . . Rammed . | . . . Targets Rammed . | . . . Kicked . | . . . Crushed . | . . . Highest Temperature 87 | . 87 . Average Temperature 53 | . 53 . Received Heat Transfer 231 | . 180 51 Siege Activations . | . . . Martial Activations . | . . . Shielding Activations . | . . . Robots Disrupted . | . . . Combat Hostiles . | . . . Robots Corrupted . | . . . Combat Hostiles . | . . . Parts Fried . | . . . Impact Corruptions . | . . . Robots Melted . | . . . Combat Hostiles . | . . . Parts Melted . | . . . Heat Transferred 775 | . 525 250 Parts Sabotaged . | . . . Parts Stolen . | . . . Parts Stripped . | . . . Power Chain Reactions . | . . . Alert | -11 -10 -10 ------- Run | Yrd Mat Sub Maximum Alert Level . | . . . Low Security (%) 100 | 100 100 . Level 1 . | . . . Level 2 . | . . . Level 3 . | . . . Level 4 . | . . . Level 5 . | . . . High Security . | . . . Max Security . | . . . Peak Influence 127 | 5 127 . Initial . | . . . Average 33 | 1 36 . Influence Increases 280 | 10 270 . Destroy 0b10 Robot/C 160 | . 160 . Destroy 0b10 Robot/NC 35 | 10 25 . Destroy Leader 40 | . 40 . Disable Machine 30 | . 30 . Lose Combat Pursuer 15 | . 15 . Influence Decreases 280 | 10 270 . Time Decay 250 | 10 240 . Lost Part 30 | . 30 . Squads Dispatched 1 | . 1 . Investigation . | . . . Extermination . | . . . Reinforcement 1 | . 1 . Assault . | . . . Garrison . | . . . Intercept . | . . . Searches Triggered . | . . . Construction Impeded . | . . . Haulers Reinforced . | . . . Active Scanning Responses . | . . . Cargo Convoy Interrupts . | . . . Stealth | -11 -10 -10 --------- Run | Yrd Mat Sub Distress Signals 1 | . 1 . Communications Jammed . | . . . Distress Signals . | . . . Times Spotted 21 | . 17 4 Peak Tracking Total 4 | . 4 3 Tactical Retreats 1 | . 1 . Traps | -11 -10 -10 ------- Run | Yrd Mat Sub Traps Triggered . | . . . Indirectly . | . . . Trap Hack Attempts . | . . . Triggered . | . . . Disarmed . | . . . Reprogrammed . | . . . Reused . | . . . Traps Extracted . | . . . Installed . | . . . Triggered . | . . . Machines | -11 -10 -10 ---------- Run | Yrd Mat Sub Machines Disabled 2 | . 2 . Max in Single Turn 1 | . 1 . Machines Repaired . | . . . Machines Dismantled . | . . . Machines Sabotaged . | . . . Overloaded Fab Kills . | . . . Hacking | -11 -10 -10 --------- Run | Yrd Mat Sub Machines Accessed 4 | . 4 . Terminals 3 | . 3 . Fabricators . | . . . Repair Stations . | . . . Recycling Units 1 | . 1 . Scanalyzers . | . . . Garrison Access . | . . . Total Hacks 5 | . 5 . Successful 1 | . 1 . Failed 4 | . 4 . Catastrophic . | . . . Database Lockouts . | . . . Manual 2 | . 2 . Terminals 4 | . 4 . Fabricators . | . . . Repair Stations . | . . . Recycling Units 1 | . 1 . Scanalyzers . | . . . Garrison Access . | . . . Terminal Hacks . | . . . Fabricator Hacks . | . . . Repair Station Hacks . | . . . Recycling Unit Hacks 1 | . 1 . Report Inventory 1 | . 1 . Scanalyzer . | . . . Garrison Access Hacks . | . . . Unauthorized Hacks . | . . . Terminals . | . . . Fabricators . | . . . Repair Stations . | . . . Recycling Units . | . . . Scanalyzers . | . . . Garrison Access . | . . . Data Cores Recovered . | . . . Used . | . . . Hacking Detections 2 | . 2 . Full Trace Events . | . . . Feedback Events . | . . . Feedback Blocked . | . . . Robot Schematics Acquired . | . . . Robots Built . | . . . Authchips . | . . . Time . | . . . Total Robot Build Rating . | . . . Part Schematics Acquired . | . . . Parts Built . | . . . Authchips . | . . . Time . | . . . Total Part Build Rating . | . . . Part Studies Acquired . | . . . Parts Repaired . | . . . Time . | . . . Parts Recycled . | . . . Recycled Matter . | . . . Retrieved Matter . | . . . Retrieved Components . | . . . Parts Scanalyzed . | . . . Part Schematics Acquired . | . . . Parts Damaged . | . . . Bothacking | -11 -10 -10 ------------ Run | Yrd Mat Sub Used RIF Installer . | . . . Robots Hacked . | . . . Non-combat . | . . . Combat . | . . . Robot Hacks Applied . | . . . Relay Couplers Released . | . . . Fabnet Peak Effective % . | . . . Robots Rewired . | . . . Allies Hacked . | . . . Hacks Repelled . | . . . Allies | -11 -10 -10 -------- Run | Yrd Mat Sub Total Allies . | . . . Largest Group . | . . . Highest-Rated Group . | . . . Highest-Rated Ally . | . . . Total Orders . | . . . Ally Attacks . | . . . Total Damage . | . . . Kills . | . . . Allies Corrupted . | . . . Allies Melted . | . . . Intel | -11 -10 -10 ------- Run | Yrd Mat Sub Active Infowar (turns) . | . . . Robot Analysis Total . | . . . Derelict Logs Recovered 1 | . . 1 Drone Launches . | . . . Drone Recoveries . | . . . Exploration | -11 -10 -10 ------------- Run | Yrd Mat Sub Turns Passed 1367 | 97 930 340 Spaces Moved 642 | 49 452 141 Core 11 | 9 . 2 Treads 631 | 40 452 139 Legs . | . . . Wheels . | . . . Hover . | . . . Flight . | . . . Fastest Speed 50 | 50 160 160 Average Speed 166 | 139 160 196 Slowest Speed 500 | 160 160 500 Overloaded Moves . | . . . Propulsion Burnouts . | . . . Robots Hopped . | . . . Potential Cave-ins . | . . . Cave-ins Triggered . | . . . Exploration Rate (%) 24 | 4 61 9 Regions Visited 2 Branch Regions 1 Pre-discovered Areas . | . . . Known Exits Taken . | . . . Unknown Exits Taken 2 | 1 1 . Scrap Searched . | . . . Spaces Dug . | . . . Terrain Destroyed . | . . . Melee . | . . . Projectile . | . . . AOE . | . . . Terrain Rammed . | . . . Walls Destroyed . | . . . Machines Disabled . | . . . Actions | -11 -10 -10 --------- Run | Yrd Mat Sub Total 821 | 75 563 183 Wait 83 | 10 46 27 Move 640 | 48 451 141 Hop . | . . . Pick Up 16 | 8 6 2 Fast Attach . | . . . Attach 12 | 6 5 1 Detach . | . . . Swap 1 | . 1 . Drop 3 | . 2 1 Fire 66 | 3 52 11 Melee . | . . . Ram . | . . . Kick . | . . . Crush . | . . . Escape Stasis . | . . . Rewire . | . . . Trap . | . . . Miscellaneous . | . . . Route ------- -11/Scrapyard -10/Materials (discovered 4 exits: [*Mat x2] / [*Min] / [*Sub]) -10/Subcaves History --------- Turn | Location | Event 9 | -11/Scrapyard | Discovered new exit (range 16) 98 | -11/Scrapyard | Entered Materials 125 | -10/Materials | Discovered new exit (range 5) 201 | -10/Materials | Discovered new exit (range 15) 308 | -10/Materials | Build established: Mutant 502 | -10/Materials | Core integrity fell below 50% 601 | -10/Materials | Discovered new exit (range 7) 671 | -10/Materials | Discovered new exit (range 12) 1028 | -10/Materials | Entered Subcaves 1029 | -10/Subcaves | Approached by a straggling Scientist 1104 | -10/Subcaves | Learned 2 Materials zone layouts 1312 | -10/Subcaves | Ambushed by Subdwellers from Twisted Machinery 1345 | -10/Subcaves | Ambushed by Subdweller buried in earth 1363 | -10/Subcaves | Core integrity fell below 20% 1368 | -10/Subcaves | Destroyed by 74-7DW(R) with Subdweller Shrapnel Launcher Last Messages --------------- 01185_ G7-5UC(R) destroyed. 01190_ Acquired Sub. Machine Gun. 01196_ Acquired 3 matter. 01200_ Subatomizers dissect the Wheel. 01203_ Acquired Scrap Shield Fragment. 01204_ Dropped Scrap Shield Fragment. 01208_ Tech Extrapolator violently self-destructs. 01214_ Subatomizers dissect the Wheel. 01232_ Acquired 10 matter. 01241_ Subatomizers dissect the Wheel. 01328_ Subatomizers dissect the Lgt. Ion Engine. 01336_ Lgt. Treads destroyed. 01342_ Subatomizers dissect the Lgt. Ion Engine. [Achievement: Do Not Disturb] 01346_ 1W-45F(R): "ARGHSUB!" 01347_ 1W-45F(R) destroyed. 01356_ Subatomizers dissect the Disposable Heat Sink. 01357_ WM-ASL(R) affixes Scrap Shield Fragment to Scrap Shield. 01365_ WM-ASL(R) destroyed. 01366_ Subatomizers dissect the Disposable Heat Sink. Map ----- +----------------------------------------------------+ | ????????????# % % #????????????????? | | ????????????#### # ### # #????????????????? | | ???????????????# ### ## # ##????????????????? | | ???????????????# ## #?????????????????? | | ???????????????# % ##????????????????? | | ???????????????## # #????????????????? | | ????????????????# ### ##????????????????? | | ????????????????#% #?# #????????????????? | | ????????????????# ##?## ##????????????????? | | ????????????????# ##?## ##???????????????? | | ????????????????## ##?## #???????????????? | | ?????????????????###??# ##??????????????? | | ??????????????????????# #??????????????? | | ??????????????????????# #??????????????? | | ?????????????????????## % ##??????????????? | | ????????????????????## ######???????????????? | | ??????????????????### % ###??????????????????? | | ??????????????????# % #??????????????????? | | ??????????????????## #??????????????????? | | ???????????????????##### ##?##??????????????? | | ????????????????###????# %## #??????????????? | | ????????????????# ######; #??????????????? | | ????????????????# ##;; #??????????????? | | ????????????????# ; ; #??????????????? | | ????????????????## ;%] ;# #??????????????? | | ?????????????????# #!&@ ;;#??????????????? | | ?????????????????# ##;&%* ##??????????????? | | ????????????????## ## [!% #???????????????? | | ????????????????# #; ;#???????????????? | | ????????????????# #; #???????????????? | | ????????????????## ### ;####?????????????? | | ?????????????????# ##; #?????????????? | | ?????????????????# ## #?????????????? | | ?????????????????# #?????????????? | | ?????????????????# #?????????????? | | ?????????????????# R### #?????????????? | | ?????????????????# #??#####?????????????? | | ?????????????????## #####????????????????????? | | ??????????????????# #????????????????????????? | | ?????????????????# #????????????????????????? | | ?????????????????# ????????????????????????? | | ????????????????? ????????????????????????? | | ???????????????? ???????????????????????? | | ??????????????? ???????????????????????? | | ??????????????# " ??????????????????????? | | ?????????????? ## ??????????????????????? | | ????????????? #?##?????????????????????? | | ?????????????? #????????????????????????? | | ?????????????? ????????????????????????? | | ???????????????? ""????????????????????????? | +----------------------------------------------------+ Best States ------------- Heat Dissipation 25 Energy Generation 10 Energy Capacity 250 Matter Stores 300 Matter Capacity 300 Sight Range 16 Terrain Scan Density 10 Evasion (%) 50 Recoil Reduction 2 Item Schematics ----------------- None Robot Schematics ------------------ None Fabricated ------------ Nothing Repaired ---------- Nothing Studied --------- None Alien Tech Used ----------------- None Achievements -------------- Do Not Disturb Challenges ------------ None Game ------ Seed SlugBlanketProcsplitter Manual? 0 Play Time 00:09:53 Cumulative 8.3 hours Start 2026.07.08 @ 19:03:29 End 2026.07.08 @ 19:11:49 Sessions 1 Manual Loads 0 Difficulty Rogue Special Mode None Game No. 11 Rogue 8 Adventurer 0 Explorer 3 Win Type - Total 0 Types 0/0/0/0/0/0/0/0/0/0 Lore% 11 Gallery% 10 Achievement% 14 Wizard Run 0 Options --------- Layout 0 ASCII 0 Keyboard 0 Movement Mouse Keybinds 0 Fullscreen 1 Font 18/SmallcapsGlow Map View 76x50 Zoom Use 9% Tactical HUD 1 Map Filters NONE Filters NONE Steam 1 RUN: 4556245c-002c-4235-bd60-bca037646585